 Dungeon Crawl Stone Soup version 0.31.0-9-g3a7656b989 (webtiles) character file.

Game seed: 17651332544770367797

39 qw the Shooter (level 3, -8/20 HPs)
             Began as a Deep Elf Hunter on Feb 2, 2024.
             Killed from afar by Jessica (13 damage)
             ... with a puff of flame
             ... on level 2 of the Dungeon.
             The game lasted 00:00:03 (1160 turns).

qw the Shooter (Deep Elf Hunter)                    Turns: 1160, Time: 00:00:04

Health: -8/20      AC:  5    Str: 10    XL:     3   Next: 26%
Magic:  5/5        EV: 11    Int: 13    God:
Gold:   94         SH:  0    Dex: 18    Spells: 2/2 levels left

rFire   . . .        a - +0 shortbow
rCold   . . .        (shield currently unavailable)
rNeg    . . .        h - +0 ring mail
rPois   .            (no helmet)
rElec   .            (no cloak)
rCorr   .            (no gloves)
SInv    .            (no boots)
Will    .....        (no amulet)
Stlth   +            (no ring)
HPRegen 0.23/turn    (no ring)
MPRegen 0.09/turn

%: no passive effects
@: about to teleport
A: no striking features
a: no special abilities


You were on level 2 of the Dungeon.
You visited 1 branch of the dungeon, and saw 2 of its levels.

You collected 94 gold pieces.


   Skills:
 - Level 1.5 Fighting
 + Level 6.8 Ranged Weapons
 - Level 2.4 Dodging
 - Level 1.2 Stealth


You had 2 spell levels left.
You didn't know any spells.
Your spell library was empty.

Inventory:

Hand Weapons
 a - a +0 shortbow (weapon)
Armour
 h - a +0 ring mail (worn)
Scrolls
 c - a scroll of vulnerability {unknown}
 d - 2 scrolls of identify
 l - a scroll of teleportation
Potions
 b - a potion of brilliance {unknown}
 e - a potion of haste {unknown}
 f - a potion of enlightenment
 g - a potion of heal wounds {unknown}
 i - a potion of might {unknown}
 j - a potion of experience {unknown}
 k - a potion of mutation {unknown}

Dungeon Overview and Level Annotations

Branches:
Dungeon (2/15)

Altars:
Kikubaaqudgha

Annotations:
D:2 Jessica


Message History

You see here a ribbon worm corpse.
You see here a ribbon worm corpse.
Found a ring mail.
You see here a +0 ring mail.
A ball python comes into view.
The ball python hisses angrily.
You shoot an arrow.
The arrow completely misses the ball python.
You shoot an arrow.
The arrow completely misses the ball python.
You shoot an arrow. The arrow hits the ball python.
The ball python is heavily wounded.
You shoot an arrow.
The arrow closely misses the ball python.
The ball python bites you but does no damage.
The ball python closely misses you.
You shoot an arrow. The arrow hits the ball python.
You kill the ball python!
You see here a +0 ring mail.
There is an escape hatch in the ceiling here.
Jessica and a frilled lizard come into view.
Jessica is wielding a +0 dagger and carrying a wand of flame.
Jessica shouts!
Jessica zaps a wand.
The puff of flame hits you.
You shoot an arrow. The arrow closely misses Jessica.
The frilled lizard hisses angrily.
You shoot an arrow. The arrow barely misses Jessica.
Jessica zaps a wand.
The puff of flame hits you!
You shoot an arrow.
The arrow hits Jessica but does no damage.
Jessica hits you but does no damage. Jessica barely misses you.
You shoot an arrow. The arrow closely misses Jessica.
Jessica zaps a wand.
The puff of flame hits you.
1160 ||| READING 2 scrolls of teleportation.
As you read the scroll of teleportation, it crumbles to dust.
You feel strangely unstable.
Jessica says, "I'm really upset."
Jessica zaps a wand.
The puff of flame hits you!
Ouch! That really hurt!
You die...

....# #.#.###.#
##..# #.#.# #.#
....# #.#.# ..#
....# #.#<# ...
.#..# #.#.#...#
[...# #.#.#...#
....# #.#.#
########.#.########
......[..#......@.#
#################@#
l# .# .# .# .# .#


You could see Jessica and a frilled lizard.

Vanquished Creatures
  2 dart slugs (D:1)
  2 ribbon worms (D:2)
  3 endoplasms
  A giant cockroach (D:1)
  A goblin (D:1)
  A hobgoblin (D:1)
  2 quokkas
  8 ball pythons
  2 bats (D:1)
  A frilled lizard (D:1)
  5 kobolds
  4 rats
32 creatures vanquished.

Notes
Turn   | Place    | Note
-------+----------+-------------------------------------------
     0 | D:1      | qw the Deep Elf Hunter began the quest for the Orb.
     0 | D:1      | Reached XP level 1. HP: 12/12 MP: 3/3
     0 | D:1      | 0 ||| qw: Version: 0.3-a-155-g5e7d8dd
     0 | D:1      | 0 ||| qw: Game counter: 2343
     0 | D:1      | 0 ||| qw: Melee chars always use a shield: true
     0 | D:1      | 0 ||| qw: God list: Okawaru
     0 | D:1      | 0 ||| qw: Allow faded altars: false
     0 | D:1      | 0 ||| qw: Do Orc after clearing Dungeon:15 true
     0 | D:1      | 0 ||| qw: Do second Lair branch before Depths: true
     0 | D:1      | 0 ||| qw: Lair rune preference: random
     0 | D:1      | 0 ||| qw: Goals: Normal
     0 | D:1      | 0 ||| PLANNING D:1-11
   118 | D:1      | Reached XP level 2. HP: 16/16 MP: 4/4
   122 | D:1      | Reached skill level 6 in Ranged Weapons
   577 | D:1      | 577 ||| UPGRADING to +0 ring mail.
   587 | D:1      | 587 ||| DROPPING +0 leather armour.
   588 | D:1      | 588 ||| READING scroll labelled OHYBIBR GUCUI.
   589 | D:1      | 589 ||| READING 2 scrolls labelled SOOXYS IG CIUCH.
   589 | D:1      | 589 ||| IDENTIFYING fizzy white potion
   590 | D:1      | 590 ||| READING scroll of identify.
   590 | D:1      | 590 ||| IDENTIFYING ruby potion
   591 | D:1      | 591 ||| READING 2 scrolls labelled WID CUPESK.
   594 | D:1      | 594 ||| DROPPING scroll of butterflies.
   595 | D:1      | 595 ||| DROPPING potion of lignification.
   691 | D:2      | Reached XP level 3. HP: 20/20 MP: 5/5
   751 | D:2      | Found an ancient bone altar of Kikubaaqudgha.
  1155 | D:2      | Noticed Jessica
  1159 | D:2      | HP: 5/20 [Jessica/puff of flame (5)]
  1160 | D:2      | 1160 ||| READING 2 scrolls of teleportation.
  1160 | D:2      | Killed from afar by Jessica

Levels and vault maps discovered:
D:1:      matt_arrival_refuge, layout_basic, serial_park_tiny_1
D:2:      layout_basic, basic_altar, minmay_misc_feat_cross, uniq_jessica

Skill      XL: |  1  2 |
---------------+-------+-----
Ranged Weapons | 6 |  6.8
Fighting       | |  1.5
Dodging        | |  2.4
Stealth        | |  1.2

Action                     || total
---------------------------++-------
   Fire: Shortbow          ||    77
    Use: Scroll            ||     5
 Armour: Leather armour    ||     5
         Ring mail         ||     6
  Dodge: Dodged            ||    13

Table legend:
 A = Non-vault XP
 B = Vault XP
 C = Vault XP percentage of total XP
 D = Non-vault monster count
 E = Vault monster count
 F = Vault count percentage of total count
                 A         B        C        D         E       F
            +---------+---------+-------+---------+---------+-------
      Total |      56 |       0 |   0.0 |      32 |       0 |   0.0
            +---------+---------+-------+---------+---------+-------
        D:1 |      35 |       0 |   0.0 |      22 |       0 |   0.0
        D:2 |      21 |       0 |   0.0 |      10 |       0 |   0.0
            +---------+---------+-------+---------+---------+-------
